 Dungeon Crawl Stone Soup version 0.19.5 (webtiles) character file.

708898 Jerry the Axe Maniac (level 27, -4/250 (268) HPs)
             Began as a Hill Orc Fighter on Mar 30, 2017.
             Was the Champion of Kikubaaqudgha.
             Slain by a doom hound (15 damage)
             ... created by the effects of Hell
             ... on level 7 of Tartarus on Mar 31, 2017.
             The game lasted 06:47:02 (69550 turns).

Jerry the Axe Maniac (Hill Orc Fighter)            Turns: 69550, Time: 06:47:03

HP:   -4/250 (268)  AC: 39    Str: 30      XL:     27
MP:   36/36         EV: 19    Int: 18      God:    Kikubaaqudgha [******]
Gold: 3949          SH:  6    Dex: 13 (14) Spells: 11 memorised, 3 levels left

rFire  + + +     SeeInvis +     C - +7 broad axe (elec)
rCold  + + +     Gourm    .     F - +4 plate armour {rC+}
rNeg   + + +     Faith    .     i - +0 buckler "Defreg" {rN+++ Regen+ rCorr Stlth-}
rPois  .         Spirit   .     t - +2 hat {MR+}
rElec  .         Reflect  .     Y - +2 cloak {MR+}
rCorr  +         Harm     .     J - +3 pair of gloves of Ewyluewu {rF+++ Int+3}
MR     ++++.                    G - +1 pair of boots {Stlth+}
Stlth  ..........               y - amulet "Bus Jate" {rC+ Regen+ Int+5}
                                O - ring "Qeroowanaf" {rC+ Str+2 Int+2}
                                I - ring of see invisible

@: lethally poisoned (-4 -> -4), doom-hounded, very slightly contaminated,
regenerating, hasted and slowed, repel missiles
A: sense surroundings 1, sturdy frame 1
a: Receive Corpses, Torment, Renounce Religion
}: 5/15 runes: decaying, slimy, silver, abyssal, gossamer


You were on level 7 of Tartarus.
You worshipped Kikubaaqudgha.
Kikubaaqudgha was exalted by your worship.
You were hungry.

You visited 13 branches of the dungeon, and saw 61 of its levels.
You visited the Abyss 2 times.
You visited 2 bazaars.
You also visited: Labyrinth, Trove and Ice Cave.

You collected 7453 gold pieces.
You spent 3504 gold pieces at shops.

Inventory:

Hand Weapons
 A - a +7 executioner's axe of flaming
 C - a +7 broad axe of electrocution (weapon)
Armour
 i - the +0 buckler "Defreg" (worn) {rN+++ Regen+ rCorr Stlth-}
   (You took it off an ironbrand convoker on level 5 of the Vaults)

   It renders you almost immune to negative energy.
   It increases your rate of regeneration.
   It protects you from acid and corrosion.
   It makes you less stealthy.
 t - a +2 hat of magic resistance (worn)
 F - a +4 plate armour of cold resistance (worn)
 G - a +1 pair of boots of stealth (worn)
 J - the +3 pair of gloves of Ewyluewu (worn) {rF+++ Int+3}
   (You found it on level 8 of the Dungeon)

   It affects your intelligence (+3).
   It renders you almost immune to fire.
 Y - a +2 cloak of magic resistance (worn)
Jewellery
 k - the ring "Dojo Gov" {rElec rN+ Dex+5 Slay+3 Stlth+}
   (You found it in a treasure trove)

   [ring of slaying]

   It affects your dexterity (+5).
   It affects your accuracy and damage with ranged weapons and melee attacks
   (+3).
   It insulates you from electricity.
   It protects you from negative energy.
   It makes you more stealthy.
 y - the amulet "Bus Jate" (around neck) {rC+ Regen+ Int+5}
   (You bought it in a shop on level 15 of the Dungeon)

   [amulet of regeneration]

   It affects your intelligence (+5).
   It protects you from cold.
   It increases your rate of regeneration.
 B - the cursed ring "Pior" {rPois rF+}
   (You found it on level 1 of the Swamp)

   [ring of poison resistance]

   It protects you from fire.
   It protects you from poison.
   It has a curse placed upon it.
 I - a ring of see invisible (left hand)
 O - the ring "Qeroowanaf" (right hand) {rC+ Str+2 Int+2}
   (You found it in a treasure trove)

   [ring of intelligence]

   It affects your strength (+2).
   It affects your intelligence (+2).
   It protects you from cold.
 V - the ring "Jiraps" {*Contam rF+ MR++ SInv Stlth+}
   (You found it on level 3 of the Elven Halls)

   [ring of see invisible]

   It protects you from fire.
   It affects your resistance to hostile enchantments.
   It lets you see invisible.
   It causes magical contamination when unequipped.
   It makes you more stealthy.
Wands
 b - a wand of disintegration (4/24)
 u - a wand of teleportation (3/9)
 X - a wand of heal wounds (1/9)
 Z - a wand of hasting (0/9)
Scrolls
 a - 4 scrolls of blinking
 e - 8 scrolls of amnesia
 l - 17 scrolls of remove curse
 p - 10 scrolls of teleportation
 w - 9 scrolls of fog
 z - 7 scrolls of immolation
 D - 9 scrolls of magic mapping
 E - 8 scrolls of identify
 K - a scroll of brand weapon
 R - 6 scrolls of fear
 T - 4 scrolls of recharging
Potions
 d - 6 potions of berserk rage
 g - 3 potions of cancellation
 j - 5 potions of heal wounds
 n - 3 potions of agility
 o - 9 potions of magic
 r - 9 potions of ambrosia
 s - 5 potions of brilliance
 v - 21 potions of curing
 H - 2 potions of flight
 L - 7 potions of haste
 Q - 3 potions of cure mutation
 U - 3 potions of resistance
Books
 W - a Necronomicon

   Spells                             Type                      Level
   a - Haunt                          Necromancy/Summoning         7
   b - Borgnjor's Revivification      Necromancy                   8
   c - Death's Door                   Charms/Necromancy            8
   d - Infestation                    Necromancy                   8
   e - Necromutation                  Transmutation/Necromancy     8
Comestibles
 f - 27 bread rations
 m - 23 meat rations
 x - 7 beef jerkies
 P - 34 fruits


   Skills:
 + Level 25.8 Fighting
 O Level 27 Axes
 + Level 24.9 Armour
 + Level 19.1 Dodging
 - Level 8.8 Stealth
 - Level 10.6 Shields
 - Level 9.0 Spellcasting
 - Level 5.1 Charms
 + Level 15.9 Necromancy
   Level 8.5 Invocations


You had 3 spell levels left.
You knew the following spells:

 Your Spells              Type           Power        Failure   Level  Hunger
a - Repel Missiles        Chrm/Air       ###...       14%         2    None
b - Corpse Rot            Necr           N/A          1%          2    None
c - Regeneration          Chrm/Necr      #####.....   1%          3    None
d - Animate Skeleton      Necr           N/A          1%          1    None
e - Animate Dead          Necr           N/A          1%          4    ###....
f - Simulacrum            Ice/Necr       #####.....   96%         6    ######.
g - Cigotuvi's Embrace    Necr           ######....   1%          5    #####..
h - Shroud of Golubria    Chrm/Tloc      ###.......   14%         2    None
i - Ozocubu's Armour      Chrm/Ice       ###.....     24%         3    None
j - Necromutation         Tmut/Necr      #####.....   100%        8    #######
k - Agony                 Necr           ######..     1%          5    #####..


Dungeon Overview and Level Annotations

Branches:
Dungeon (15/15)            Temple (1/1) D:4            Lair (6/6) D:9
  Swamp (4/4) Lair:3       Spider (4/4) Lair:2        Slime (5/5) Lair:6
    Orc (2/2) D:10            Elf (3/3) Orc:2        Vaults (5/5) D:13
  Crypt (3/3) Vaults:2       Tomb (0/3) Crypt:3      Depths (5/5) D:15
   Hell (1/1)                 Dis (0/7) Hell            Geh (0/7) Hell
    Coc (0/7) Hell            Tar (7/7) Hell            Zot (0/5) Depths:5

Altars:
Ashenzari
Cheibriados
Dithmenos
Elyvilon
Fedhas
Gozag
Hepliaklqana
Kikubaaqudgha
Makhleb
Nemelex Xobeh
Okawaru
Qazlal
Ru
Sif Muna
Trog
Uskayaw
Vehumet
Xom
Yredelemnul
Zin
The Shining One
Beogh
Jiyva
Lugonu

Shops:
D:8 %   D:15 =   Orc:2 ([}(   Elf:2 }   Elf:3 *   Vaults:1 !}*   Vaults:3 %
Vaults:4 (   Vaults:5 *   Depths:3 [   Depths:5 *

Portals:
Hell: Depths:1 Depths:2 Depths:3 Depths:4 Depths:5
Abyss: Depths:3 Depths:4
Pandemonium: Depths:5
Ziggurat: Depths:2


Innate Abilities, Weirdness & Mutations

You passively map a small area around you.
Your movements are slightly less encumbered by armour. (ER -2)


Message History

Kikubaaqudgha accepts your kill.
You feel sick. The doom hound bites you!!
* * * LOW HITPOINT WARNING * * *
You block the doom hound's attack.
The Tzitzimitl engulfs you but does no damage.
The Tzitzimitl bites you.
* * * LOW HITPOINT WARNING * * *
You hit the Tzitzimitl but do no damage.
The Tzitzimitl is heavily wounded.
You barely miss the doom hound. You block the doom hound's attack.
The doom hound claws you but does no damage.
You hit the Tzitzimitl but do no damage.
The Tzitzimitl is heavily wounded.
You closely miss the doom hound. The Tzitzimitl engulfs you!
* * * LOW HITPOINT WARNING * * *
The Tzitzimitl drains your vigour!
You feel yourself slow down.
The Tzitzimitl bites you but does no damage.
The doom hound closely misses you. The doom hound claws you!
You die...
Kikubaaqudgha rasps: "You have failed me!
Welcome... death!"

,,+,,,+,2.'......+..#
,,+,,,*,,,+......#..#
+'*++***,,*,,....#..#
,,+,,,**,,****#).#..#
,,+,,,,**** #.[#..#
,,***,,,** #.)#..#
,,,,**,,,** #..#..#
,,,,,**,,,* #.1#..#
,,,,,,**,,* #h@#..#
,,,,,,,*,,* #..#..#
,,,,,,,*,,#####..#..#
,,,,,,,*,.#......#..#
,,,,,,,*,.'......#..#
,,,,,,,*,.'......#..#
,,,,,,,*,.#......#..#
*,,,,,,*,,#####..#..#
**,,,,,*,,* #..#))#


You could see a doom hound and a Tzitzimitl.

Vanquished Creatures
  the Royal Jelly (Slime:5)
  Khufu (Crypt:3)
  A juggernaut (Depths:2)
  Sojobo (Vaults:2)
  Bai Suzhen (Depths:2)
  Frederick (Crypt:3)
  Saint Roka (Depths:1)
  Geryon (Hell)
  Nikola (Swamp:4)
  Xtahua (Depths:2)
  A golden dragon (Vaults:5)
  Jory (Vaults:2)
  A profane servitor (Crypt:3)
  5 bone dragons
  3 doom hounds
  8 Tzitzimimeh
  Jorgrun (Swamp:3)
  Rupert (D:13)
  2 hellephants (Depths:1)
  2 tentacled monstrosities
  8 liches
  2 deep elf master archers
  6 deep elf blademasters
  16 acid blobs
  13 titans
  4 ancient champions
  5 sphinxes
  2 eldritch tentacles
  15 shadow dragons
  4 tentacled starspawn (Abyss:3)
  Gastronok (D:8)
  A thorn hunter (Swamp:3)
  6 tengu reavers
  Donald (Crypt:1)
  11 azure jellies
  Roxanne (D:15)
  3 revenants
  18 fire giants
  3 iron dragons (Vaults:5)
  27 frost giants
  4 ghost moths
  18 vault wardens
  A balrug (Hell)
  Louise (Elf:1)
  Aizul (Crypt:1)
  11 deep elf sorcerers
  A draconian shifter (Depths:5)
  3 ghouls
  9 emperor scorpions
  An orc warlord (Orc:1)
  A curse skull (Crypt:2)
  4 deep elf elementalists
  A juggernaut zombie (Crypt:2)
  17 ironheart preservers
  5 war gargoyles
  16 reapers
  40 stone giants
  A draconian annihilator (Depths:5)
  2 entropy weavers (Spider:4)
  Nessos (D:13)
  24 very ugly things
  13 vampire knights
  A lorocyproca (Abyss:3)
  8 deep elf demonologists
  2 white draconians
  4 black draconians
  2 purple draconians
  3 red draconians
  9 deep elf annihilators
  A yellow draconian (Depths:5)
  9 spark wasps
  4 eidola
  A merfolk javelineer (Depths:3)
  Snorg (Lair:5)
  A blizzard demon (IceCv)
  9 deep elf death magi
  11 fire dragons
  20 ettins
  16 yaktaur captains
  4 death oozes (Slime:5)
  A kraken zombie (Hell)
  3 crystal guardians
  2 mummy priests (Crypt:3)
  A minotaur (Lab)
  2 quicksilver dragon zombies
  9 great orbs of eyes
  15 jiangshi
  5 deep elf high priests
  11 rakshasas
  A hydra (shapeshifter) (Vaults:5)
  18 ice dragons
  A hell beast (Depths:3)
  Fannar (Lair:2)
  A juggernaut simulacrum (Depths:3)
  12 hydras
  A catoblepas (Lair:5)
  3 ghost crabs
  6 death knights
  3 spriggan air magi
  31 vault guards
  Erica (D:9)
  11 centaur warriors
  16 ogre magi
  The ghost of Barra the Cleaver, a novice MiBe of Trog (Lair:1)
  9 alligators
  7 hell hogs
  8 deep troll shamans
  5 death yaks
  26 dancing weapons
  3 vampire magi
  9 tengu warriors
  Urug (D:13)
  11 deep troll earth magi
  4 orc high priests
  A thrashing horror (Abyss:3)
  10 hell knights
  15 soul eaters
  2 spriggan berserkers
  3 sun demons (Hell)
  32 deep elf knights
  5 titan zombies
  A wretched star (Abyss:3)
  6 iron trolls
  2 spatial maelstroms (Abyss:3)
  2 iron golems
  21 shadow wraiths
  2 titan skeletons (Tar:4)
  5 unseen horrors
  An iron giant zombie (Crypt:2)
  The ghost of dze the Thaumaturge, a novice DEWz of Vehumet (Lair:1)
  2 anaconda zombies (Hell)
  27 deep trolls
  4 shadow demons
  72 skeletal warriors
  4 storm dragon skeletons
  8 flayed ghosts
  A ghost moth zombie (Tar:4)
  3 spriggan druids (Swamp:4)
  5 swamp dragons
  2 golden dragon zombies
  An unseen horror (shapeshifter) (Elf:3)
  A salamander mystic (Depths:2)
  The ghost of Agorwal the Cleaver, a novice MiGl (D:10)
  3 shambling mangroves
  A death drake (shapeshifter) (Vaults:3)
  5 glowing orange brains
  A death drake (Tar:4)
  4 wizards
  A lindwurm (Lair:5)
  4 wolf spider zombies
  A spectral wolf spider (Crypt:3)
  10 hill giants
  36 deep elf archers
  8 large abominations
  17 ironbrand convokers
  7 harpies
  13 phantasmal warriors
  3 anaconda skeletons
  3 fire giant zombies
  4 stone giant zombies
  41 wolf spiders
  Pikel (D:8)
  13 necromancers
  13 orc knights
  4 cyclopes
  An iron dragon zombie (Hell)
  A shadow dragon zombie (Hell)
  6 orc sorcerers
  21 orb spiders
  A salamander (shapeshifter) (Vaults:3)
  A frost giant zombie (Hell)
  An orb spider (shapeshifter) (Depths:2)
  2 salamanders
  An iron dragon skeleton (Hell)
  2 manticores (D:15)
  64 ugly things
  3 moths of wrath
  97 deep elf magi
  5 shining eyes
  A moth of wrath (shapeshifter) (Vaults:1)
  3 frost giant skeletons
  5 black mambas
  A guardian serpent (Abyss:3)
  A dire elephant zombie (Tar:4)
  2 worldbinders (Abyss:3)
  Joseph (D:6)
  4 ice statues
  13 rust devils
  A guardian serpent (shapeshifter) (Vaults:5)
  A molten gargoyle (Hell)
  6 elephants (Lair:6)
  6 human skeletons
  A black mamba (shapeshifter) (D:13)
  6 smoke demons
  An eye of devastation (shapeshifter) (Elf:1)
  A stone giant skeleton (Tar:1)
  2 torpor snails
  19 vault sentinels
  3 orange demons
  23 spiny frogs
  A gargoyle (D:14)
  A green draconian zombie (Hell)
  2 hellions
  A spriggan skeleton (D:15)
  A dire elephant skeleton (Tar:2)
  5 komodo dragons
  6 centaur skeletons
  3 tormentors
  A catoblepas zombie (Abyss:3)
  7 kobold demonologists
  2 rime drakes (Lair:5)
  3 efreet
  13 freezing wraiths
  A hellwing (Abyss:3)
  81 yaktaurs
  An anaconda simulacrum (Hell)
  4 tengu conjurers
  22 ice devils
  14 demonic crawlers
  38 jumping spiders
  2 queen bees (shapeshifter)
  A troll (shapeshifter) (Elf:2)
  3 red devils (Hell)
  An ancient zyme (Abyss:3)
  7 guardian mummies (Crypt:3)
  3 hydra zombies
  7 trolls
  3 silent spectres
  A yaktaur skeleton (Vaults:2)
  A hornet (shapeshifter) (Elf:1)
  A polar bear (shapeshifter) (Vaults:4)
  A queen bee (D:8)
  A two-headed ogre (shapeshifter) (Vaults:4)
  16 hornets
  A merfolk (shapeshifter) (Depths:4)
  84 slime creatures
  A minotaur skeleton (Lab)
  7 hippogriffs
  5 polar bears
  3 meliai (D:15)
  A dream sheep (shapeshifter) (Depths:1)
  2 fire dragon zombies (Crypt:1)
  A tengu simulacrum (Vaults:2)
  A meliai zombie (D:14)
  26 two-headed ogres
  Prince Ribbit (D:7)
  9 blink frogs (Lair:6)
  12 bog bodies
  A raiju (Abyss:3)
  6 tyrant leeches
  2 alligator zombies (Hell)
  A stone giant simulacrum (Vaults:1)
  A jumping spider zombie (Crypt:1)
  4 dream sheep (Lair:5)
  A harpy skeleton (Tar:1)
  A frost giant simulacrum (Vaults:4)
  2 hippogriffs (shapeshifter)
  A hydra skeleton (Tar:1)
  An alligator skeleton (Hell)
  A fire giant simulacrum (Vaults:4)
  4 ettin skeletons
  3 ice dragon zombies
  3 fire dragon skeletons
  A shock serpent simulacrum (Hell)
  20 spriggans
  28 tarantellas
  61 redbacks
  A black mamba zombie (Crypt:1)
  63 flying skulls
  3 ynoxinuls (Abyss:3)
  24 shadows
  A yak (shapeshifter) (Elf:1)
  10 fire elementals
  2 ice dragon skeletons
  24 water elementals
  14 small abominations
  15 wraiths
  A vampire (D:14)
  5 air elementals
  A dire elephant simulacrum (Hell)
  A hog (shapeshifter) (Depths:2)
  A tarantella (shapeshifter) (Vaults:5)
  A black mamba skeleton (Abyss:3)
  3 fire bats (Abyss:3)
  17 humans
  44 yaks
  3 basilisks
  5 wyverns
  6 golden eyes (Slime:5)
  A golden eye (shapeshifter) (Vaults:4)
  A chaos spawn (Abyss:3)
  Grum (D:8)
  Eustachio (D:5)
  A hungry ghost (D:14)
  4 swamp worm simulacra (Swamp:4)
  Menkaure (D:7)
  7 wargs
  2 mottled dragons
  14 vampire mosquitoes
  A yaktaur simulacrum (Vaults:5)
  18 swamp worms
  5 spatial vortices
  3 human zombies
  13 insubstantial wisps
  17 hydra simulacra
  16 hell hounds
  A soldier ant (D:14)
  2 floating eyes
  13 water moccasins
  A merfolk skeleton (Tar:6)
  A spiny frog zombie (Tar:1)
  9 porcupines
  11 swamp drakes
  A spiny frog skeleton (Tar:7)
  A meliai simulacrum (D:14)
  5 eyes of draining
  59 orc warriors
  3 sky beasts
  2 manticore zombies
  5 ice beasts
  A snapping turtle zombie (Tar:1)
  An alligator simulacrum (Hell)
  3 black bears (Lair:6)
  3 orc zombies
  53 ogres
  5 phantoms
  23 boggarts
  23 necrophages
  28 wolves
  A manticore skeleton (Crypt:1)
  20 centaurs
  11 crocodiles
  A snapping turtle skeleton (Tar:6)
  4 big kobolds
  25 bullfrogs
  An earth elemental (Elf:1)
  A spiny frog simulacrum (Hell)
  A wyvern skeleton (D:15)
  6 scorpions
  A yak zombie (Crypt:1)
  20 killer bees
  A killer bee (shapeshifter) (Vaults:5)
  20 wights
  3 electric eels
  2 howler monkeys
  A vampire bat (Lair:2)
  A yak skeleton (Crypt:2)
  2 bullfrog zombies
  7 crimson imps
  A basilisk zombie (Lair:4)
  4 quasits
  3 centaur zombies
  14 hounds
  2 jellies (D:12)
  30 orc wizards
  25 orc priests
  4 bullfrog skeletons
  An iron imp (Orc:1)
  2 iguanas
  9 worker ants
  5 hell rats
  A killer bee zombie (Crypt:1)
  An ogre skeleton (Lab)
  A deep dwarf skeleton (Crypt:2)
  A hound zombie (D:7)
  2 hound skeletons
  2 howler monkey zombies
  6 gnolls
  14 adders
  11 shadow imps
  10 white imps
  4 swamp drake simulacra (Swamp:4)
  6 ufetubi (IceCv)
  An iguana skeleton (Crypt:2)
  4 worms
  3 dart slugs
  5 leopard geckos
  116 orcs
  9 giant cockroaches
  5 goblins
  4 hobgoblins
  16 jackals
  23 kobolds
  8 quokkas
  A ball python (D:2)
  16 bats
  8 frilled lizards
  A jackal zombie (D:6)
  A quokka skeleton (D:4)
  A quokka zombie (D:6)
  11 rats
  5 briar patches (Swamp:3)
  5 crawling corpses
  A fungus (Elf:2)
  17 plants
  5 starspawn tentacles (Abyss:3)
  A tentacle (Hell)
  2 withered plants (D:15)
3155 creatures vanquished.

Vanquished Creatures (collateral kills)
  A tentacled monstrosity (Vaults:5)
  A skeletal warrior (Hell)
  A vault sentinel (Vaults:5)
  A two-headed ogre (Vaults:5)
  An ogre (Vaults:5)
5 creatures vanquished.

Vanquished Creatures (others)
  Frances (Swamp:2)
  A fire giant (Depths:1)
  A frost giant (Depths:1)
  A white draconian (Depths:2)
  3 deep elf high priests
  A vault guard (Vaults:5)
  A deep elf archer (Vaults:1)
  2 deep elf magi
  2 yaktaurs
  A two-headed ogre (Vaults:3)
  A jumping spider (Spider:1)
  A tarantella (Spider:3)
  2 spriggans (Swamp:4)
  2 slaves (D:8)
  4 ogres
  2 centaurs
  A white imp (IceCv)
  An ufetubus (IceCv)
  5 orcs
  8 fungi
  6 starspawn tentacles (Abyss:3)
  10 tentacles (Hell)
57 creatures vanquished.

Grand Total: 3217 creatures vanquished

Notes
Turn   | Place    | Note
-------+----------+-------------------------------------------
     0 | D:1      | Jerry the Hill Orc Fighter began the quest for the Orb.
     0 | D:1      | Reached XP level 1. HP: 19/19 MP: 1/1
    29 | D:1      | Reached skill level 3 in Axes
   121 | D:1      | Reached XP level 2. HP: 15/27 MP: 2/2
   463 | D:1      | Reached XP level 3. HP: 30/33 MP: 3/3
  1063 | D:2      | Found a glowing golden altar of the Shining One.
  1121 | D:2      | Reached skill level 4 in Axes
  1243 | D:2      | Reached XP level 4. HP: 40/40 MP: 4/4
  1724 | D:2      | Found a shimmering altar of Xom.
  2302 | D:3      | Found a runed door.
  2302 | D:3      | Noticed a human
  2306 | D:3      | Found a basalt altar of Yredelemnul.
  2461 | D:3      | Reached skill level 5 in Axes
  2461 | D:3      | Reached XP level 5. HP: 46/47 MP: 5/5
  2832 | D:3      | Killed a human
  2832 | D:3      | Reached XP level 6. HP: 49/53 MP: 6/6
  2893 | D:4      | Found a staircase to the Ecumenical Temple.
  2921 | Temple   | Entered the Ecumenical Temple
  3046 | Temple   | Became a worshipper of Warmaster Okawaru
  3123 | Temple   | Reached skill level 6 in Axes
  3286 | D:4      | Reached skill level 5 in Fighting
  3557 | D:4      | Reached * piety under Okawaru
  3557 | D:4      | Reached XP level 7. HP: 47/61 MP: 7/7
  3954 | D:4      | Reached skill level 7 in Axes
  3954 | D:4      | Reached skill level 5 in Armour
  4287 | D:4      | Reached skill level 5 in Shields
  4899 | D:5      | Entered Level 5 of the Dungeon
  4985 | D:5      | Noticed a two-headed ogre
  4999 | D:5      | Killed a two-headed ogre
  4999 | D:5      | Reached ** piety under Okawaru
  4999 | D:5      | Reached skill level 8 in Axes
  4999 | D:5      | Reached XP level 8. HP: 70/70 MP: 8/8
  5248 | D:5      | Noticed Eustachio
  5279 | D:5      | Killed Eustachio
  5279 | D:5      | Reached skill level 9 in Axes
  5596 | D:5      | Found a faded altar of an unknown god.
  5596 | D:5      | Found a faded altar of an unknown god.
  5601 | D:5      | Found a faded altar of an unknown god.
  5603 | D:5      | Found a hide-covered altar of Uskayaw.
  5604 | D:5      | Found a faded altar of an unknown god.
  6121 | D:6      | Reached XP level 9. HP: 28/78 MP: 9/9
  6401 | D:6      | Reached *** piety under Okawaru
  6581 | D:6      | Reached skill level 10 in Axes
  7454 | D:7      | Noticed Prince Ribbit
  7678 | D:7      | Noticed Joseph
  7971 | D:6      | Killed Joseph
  7971 | D:6      | Reached **** piety under Okawaru
  7977 | D:6      | Reached skill level 11 in Axes
  8175 | D:7      | Killed Prince Ribbit
  8311 | D:7      | Noticed Menkaure
  8319 | D:7      | Killed Menkaure
  8475 | D:7      | Reached skill level 1 in Invocations
  8799 | D:7      | Reached XP level 10. HP: 88/88 MP: 11/11
  8993 | D:7      | HP: 2/88 [orc warrior/trident (12)]
  9445 | D:8      | Reached skill level 12 in Axes
  9507 | D:8      | Found Ehyih's Food Emporium.
  9514 | D:8      | Found a sacrificial altar of Ru.
  9549 | D:8      | Reached ***** piety under Okawaru
  9585 | D:8      | Noticed Grum
  9606 | D:8      | Killed Grum
  9748 | D:8      | Got a pair of warped gloves
  9759 | D:8      | Identified the +3 pair of gloves of Ewyluewu {rF+++ Int+3} (You found it on level 8 of the Dungeon)
 10199 | D:7      | Received a gift from Okawaru
 10265 | D:8      | Noticed Gastronok
 10290 | D:8      | Killed Gastronok
 10290 | D:8      | Reached skill level 13 in Axes
 10290 | D:8      | Reached XP level 11. HP: 60/94 MP: 13/13
 10648 | D:8      | Noticed Pikel
 10657 | D:8      | Killed Pikel
 10657 | D:8      | Reached skill level 14 in Axes
 10783 | D:8      | Found a sacrificial altar of Ru.
 10783 | D:8      | Found an ancient bone altar of Kikubaaqudgha.
 10784 | D:8      | Found a burning altar of Makhleb.
 10787 | D:8      | Found a shattered altar of Ashenzari.
 10788 | D:8      | Found a deep blue altar of Sif Muna.
 11079 | D:8      | Found a radiant altar of Vehumet.
 11416 | D:8      | Found a shadowy altar of Dithmenos.
 11669 | D:9      | Found an opulent altar of Gozag.
 11801 | D:9      | Found a stormy altar of Qazlal.
 11956 | D:9      | Found a staircase to the Lair.
 12647 | D:10     | Entered Level 10 of the Dungeon
 12648 | D:10     | Noticed Agorwal's ghost (novice MiGl)
 12735 | D:10     | Killed Agorwal's ghost
 12843 | D:10     | Got a crude scale mail
 12861 | D:10     | Identified the +1 scale mail of Parlour Games {*Corrode +Inv MR+ Str+4} (You found it on level 10 of the Dungeon)
 13296 | D:10     | Reached skill level 15 in Axes
 13345 | D:10     | Found a staircase to the Orcish Mines.
 13503 | D:10     | Reached skill level 10 in Shields
 13818 | Lair:1   | Entered Level 1 of the Lair of Beasts
 13923 | Lair:1   | Noticed an eight-headed hydra
 13928 | Lair:1   | Reached skill level 10 in Armour
 13938 | Lair:1   | Killed an eight-headed hydra
 13938 | Lair:1   | Reached skill level 5 in Invocations
 13944 | Lair:1   | Noticed dze's ghost (novice DEWz)
 13947 | Lair:1   | Reached XP level 12. HP: 75/101 MP: 15/15
 13955 | Lair:1   | Noticed Erica
 14258 | D:9      | Killed Erica
 14358 | Lair:1   | Killed dze's ghost
 14713 | Lair:1   | Noticed Barra's ghost (novice MiBe)
 14789 | Lair:1   | Killed Barra's ghost
 15405 | Lair:2   | Noticed a five-headed hydra
 15414 | Lair:2   | Killed a five-headed hydra
 15414 | Lair:2   | Received a gift from Okawaru
 15414 | Lair:2   | Reached skill level 16 in Axes
 15415 | Lair:2   | Got an iridescent battleaxe {god gift}
 15421 | Lair:2   | Identified the +5 battleaxe of Bloody Death {protect, Dex+9} (Okawaru gifted it to you on level 2 of the Lair of Beasts)
 15523 | Lair:2   | Noticed a six-headed hydra
 15529 | Lair:2   | Reached ****** piety under Okawaru
 15538 | Lair:2   | Killed a six-headed hydra
 15789 | Lair:2   | Received a gift from Okawaru
 16188 | Lair:2   | Found a hole to the Spider Nest.
 16286 | Lair:2   | Noticed Fannar
 16299 | Lair:2   | Killed Fannar
 16636 | Lair:2   | Reached skill level 17 in Axes
 16725 | Lair:3   | Reached XP level 13. HP: 94/111 MP: 19/19
 17671 | Lair:3   | Found a staircase to the Swamp.
 17810 | Lair:4   | Found a labyrinth entrance.
 17863 | Lab      | Entered a labyrinth
 18236 | Lab      | Noticed a minotaur
 18245 | Lab      | Killed a minotaur
 18247 | Lab      | Got a translucent granite ring
 18260 | Lab      | Identified the ring "Epneatse" {+Blink rF+ Dex+2} (You took it off a minotaur in a labyrinth)
 18263 | Lab      | Got a twitching ruby amulet
 18304 | Lab      | Got an encrusted plate armour
 18319 | Lair:4   | Identified the +6 plate armour of Esaebbyl {+Inv Str+4 Int-3} (You found it in a labyrinth)
 18331 | Lair:4   | Learned a level 2 spell: Repel Missiles
 18406 | Lair:4   | Received a gift from Okawaru
 18571 | Lair:4   | Reached skill level 1 in Dodging
 18645 | Lair:4   | Reached skill level 18 in Axes
 19148 | Lair:4   | Identified the amulet of Limax {Inacc rPois} (You found it in a labyrinth)
 19208 | Lair:5   | Reached skill level 10 in Fighting
 19345 | Lair:5   | Noticed Snorg
 19350 | Lair:5   | Killed Snorg
 19918 | Lair:5   | Reached XP level 14. HP: 122/122 MP: 20/20
 20233 | Lair:6   | Entered Level 6 of the Lair of Beasts
 20346 | Lair:6   | Reached skill level 19 in Axes
 20415 | Lair:6   | Received a gift from Okawaru
 20483 | Lair:6   | Found a runed door.
 20484 | Lair:6   | Found a viscous altar of Jiyva.
 20485 | Lair:6   | Noticed an acid blob
 20859 | Lair:6   | Received a gift from Okawaru
 20893 | Lair:6   | Got an ichor-stained war axe {god gift}
 21542 | Lair:6   | Found a staircase to the Slime Pits.
 21560 | Lair:6   | Identified the +1 war axe of Bodily Harmony {chop, +Blink +Fly rF- Int+6} (Okawaru gifted it to you on level 6 of the Lair of Beasts)
 21599 | Lair:6   | Killed an acid blob
 22197 | D:11     | Found a portal to a secret trove of treasure.
 22543 | D:12     | Reached skill level 5 in Dodging
 22707 | D:12     | Reached skill level 20 in Axes
 23241 | D:13     | Reached XP level 15. HP: 117/132 MP: 21/21
 23338 | D:13     | Received a gift from Okawaru
 23484 | D:13     | Noticed Rupert
 23522 | D:13     | Killed Rupert
 23623 | D:13     | Noticed Urug
 23646 | D:13     | Killed Urug
 23814 | D:13     | Found a gate to the Vaults.
 23843 | D:13     | Noticed Nessos
 23865 | D:13     | Killed Nessos
 24763 | D:14     | Reached skill level 21 in Axes
 24770 | D:14     | Received a gift from Okawaru
 25174 | D:15     | Entered Level 15 of the Dungeon
 25257 | D:15     | Found Rumoew's Jewellery Shop.
 25280 | D:15     | Bought the amulet "Bus Jate" {rC+ Regen+ Int+5} for 763 gold pieces
 25296 | D:15     | Noticed Roxanne
 25497 | D:15     | Found a shadowy altar of Dithmenos.
 25576 | D:15     | Found a staircase to the Depths.
 25702 | D:15     | Reached XP level 16. HP: 132/143 MP: 22/22
 26058 | Orc:1    | Entered Level 1 of the Orcish Mines
 26137 | Orc:1    | Received a gift from Okawaru
 26227 | Orc:2    | Entered Level 2 of the Orcish Mines
 26338 | Orc:2    | Found a staircase to the Elven Halls.
 26520 | Orc:2    | Found a roughly hewn altar of Beogh.
 26541 | Orc:2    | Found Noamasm's Antique Weapon Emporium.
 26587 | Orc:2    | Found a roughly hewn altar of Beogh.
 26598 | Orc:2    | Found Qeuphis's Gadget Shop.
 26756 | Orc:2    | Found a roughly hewn altar of Beogh.
 26779 | Orc:2    | Found a roughly hewn altar of Beogh.
 27320 | Orc:2    | Found Affy's Antique Armour Shop.
 27322 | Orc:2    | Found a roughly hewn altar of Beogh.
 27327 | Orc:2    | Found Zucveh's Antique Weapon Boutique.
 27372 | Orc:2    | Found a roughly hewn altar of Beogh.
 27617 | Orc:1    | Reached skill level 22 in Axes
 27988 | Spider:1 | Entered Level 1 of the Spider Nest
 28540 | Swamp:1  | Entered Level 1 of the Swamp
 28576 | Swamp:1  | Got a crude steel ring
 28577 | Swamp:1  | Identified the ring "Pior" {rPois rF+} (You found it on level 1 of the Swamp)
 29349 | Swamp:1  | Received a gift from Okawaru
 29552 | Swamp:2  | Noticed Frances
 29563 | Swamp:2  | Killed Frances
 29722 | Swamp:2  | Found a white marble altar of Elyvilon.
 29736 | Swamp:2  | Reached XP level 17. HP: 146/152 MP: 23/23
 30153 | Swamp:2  | Reached skill level 15 in Armour
 30620 | Swamp:3  | Reached skill level 23 in Axes
 30717 | Swamp:3  | Noticed Jorgrun
 30732 | Swamp:3  | Killed Jorgrun
 31168 | Swamp:3  | Got a pair of transparent boots
 31169 | Swamp:3  | Identified the cursed -2 pair of boots of Wudaxkay {Dex+4} (You found it on level 3 of the Swamp)
 31215 | Swamp:4  | Entered Level 4 of the Swamp
 31610 | Swamp:4  | Received a gift from Okawaru
 31655 | Swamp:4  | Noticed Nikola
 31684 | Swamp:4  | Killed Nikola
 32559 | Swamp:4  | Got a decaying rune of Zot
 32695 | Swamp:1  | Reached skill level 15 in Fighting
 34050 | Spider:2 | Reached XP level 18. HP: 163/163 MP: 24/24
 34467 | Spider:3 | Received a gift from Okawaru
 34903 | Spider:4 | Entered Level 4 of the Spider Nest
 35764 | Spider:4 | Reached skill level 10 in Dodging
 36070 | Spider:4 | Reached skill level 24 in Axes
 36690 | Spider:4 | Received a gift from Okawaru
 36914 | Spider:4 | Got a gossamer rune of Zot
 37093 | Spider:3 | Reached XP level 19. HP: 174/174 MP: 25/25
 37239 | Elf:1    | Entered Level 1 of the Elven Halls
 37325 | Elf:1    | Found a flickering gateway to a bazaar.
 37336 | Bazaar   | Entered a bazaar
 37344 | Bazaar   | Found Agiziqog's Antique Armour Emporium.
 37351 | Bazaar   | Found Vausm's Jewellery Boutique.
 37359 | Bazaar   | Found Soorgh's Distillery.
 37368 | Bazaar   | Found Uxe Rownit's Book Boutique.
 37376 | Bazaar   | Bought a manual of Axes for 1545 gold pieces
 37419 | Bazaar   | Bought a potion of experience for 400 gold pieces
 37453 | Bazaar   | Reached XP level 20. HP: 182/182 MP: 26/26
 37488 | Bazaar   | Bought a pair of slimy gloves for 237 gold pieces
 37488 | Bazaar   | Identified the +4 pair of gloves "Soplir" {rElec rN+} (You bought it in a shop in a bazaar)
 37535 | Elf:1    | Noticed Louise
 37553 | Elf:1    | Killed Louise
 38136 | Elf:1    | Found a radiant altar of Vehumet.
 38338 | Elf:1    | HP: 5/183 [hellion/damnation[a deep elf demonologist] (28)]
 38561 | Elf:1    | Noticed a Tzitzimitl
 39000 | Elf:1    | Reached skill level 25 in Axes
 39200 | Elf:1    | Received a gift from Okawaru
 39312 | Depths:1 | Entered Level 1 of the Depths
 39388 | Depths:1 | Found a glowing golden altar of the Shining One.
 40289 | Depths:1 | Reached XP level 21. HP: 176/193 MP: 27/27
 40407 | Depths:1 | Found a gateway to Hell.
 40751 | Depths:1 | Received a gift from Okawaru
 40754 | Depths:1 | Reached skill level 26 in Axes
 41704 | D:11     | You paid a toll of +4 ice dragon scales to enter a treasure trove
 41705 | Trove    | Entered a treasure trove
 41708 | Trove    | Got a heavily runed pewter ring
 41712 | Trove    | Got a steaming copper ring
 41714 | Trove    | Got a translucent silver ring
 41728 | Trove    | Got a crude tin ring
 41746 | Trove    | Got a heavily runed lapis lazuli ring
 41766 | Trove    | Identified the ring "Qeroowanaf" {rC+ Str+2 Int+2} (You found it in a treasure trove)
 41769 | Trove    | Got a steaming bone ring
 41776 | Trove    | Got a clouded emerald amulet
 41792 | D:11     | Identified the ring "Dojo Gov" {rElec rN+ Dex+5 Slay+3 Stlth+} (You found it in a treasure trove)
 41793 | D:11     | Identified the ring of Symmetry {+Fly rPois Int+6 Dex+3} (You found it in a treasure trove)
 41795 | D:11     | Identified the ring "Cuzulaha" {*Tele rN+ Dex+3} (You found it in a treasure trove)
 41797 | D:11     | Identified the cursed ring of Lunet {rF+ Str-2 Int+4 Slay+3} (You found it in a treasure trove)
 41799 | D:11     | Identified the ring "Ogu Merph" {rPois Str+3 Dex+4} (You found it in a treasure trove)
 41967 | Vaults:1 | Entered Level 1 of the Vaults
 42510 | Vaults:1 | Received a gift from Okawaru
 43326 | Vaults:1 | Found Muyddum's Distillery.
 43326 | Vaults:1 | Found Qafopi's Gadget Shop.
 43348 | Vaults:1 | Found Efairr's Assorted Antiques.
 43356 | Vaults:1 | Bought a scroll of identify for 68 gold pieces
 43356 | Vaults:1 | Bought a scroll of identify for 68 gold pieces
 43356 | Vaults:1 | Identified a scroll of acquirement
 43357 | Vaults:1 | Got a pair of steaming gloves
 43359 | Vaults:1 | Identified the amulet of the Everdark {Faith rElec Str+5 Int-4 Dex+4} (You found it in a treasure trove)
 43360 | Vaults:1 | Identified the +4 pair of gloves of the Peculiar Mice {rF+ Int+3} (You acquired it on level 1 of the Vaults)
 43831 | Vaults:2 | Reached skill level 27 in Axes
 43887 | Vaults:2 | Reached XP level 22. HP: 199/204 MP: 28/28
 43923 | Vaults:2 | Noticed Jory
 43945 | Vaults:2 | Killed Jory
 43958 | Vaults:2 | Noticed Sojobo
 44242 | Vaults:2 | Killed Sojobo
 44242 | Vaults:2 | Received a gift from Okawaru
 44280 | Vaults:2 | Got a crystal battleaxe {god gift}
 44884 | Vaults:2 | Found a staircase to the Crypt.
 45340 | Vaults:1 | Bought a potion of haste for 120 gold pieces
 45340 | Vaults:1 | Bought a potion of haste for 120 gold pieces
 45342 | Vaults:1 | Identified the +11 battleaxe of Taxation {chop, Dex+2 Stlth+} (Okawaru gifted it to you on level 2 of the Vaults)
 45566 | Vaults:3 | Received a gift from Okawaru
 45847 | Vaults:3 | Found a glowing golden altar of the Shining One.
 45862 | Vaults:3 | Found Siediec's Food Emporium.
 46754 | Lair:5   | Reached XP level 23. HP: 207/215 MP: 29/29
 46784 | Slime:1  | Entered Level 1 of the Pits of Slime
 46934 | Slime:5  | Entered Level 5 of the Pits of Slime
 47252 | Slime:4  | Gained mutation: You tend to lose your temper in combat. [a shining eye]
 47301 | Slime:4  | Received a gift from Okawaru
 47630 | Slime:5  | Received a gift from Okawaru
 47637 | Slime:5  | Got a slimy hand crossbow {god gift}
 47706 | Slime:5  | Lost mutation: You tend to lose your temper in combat. [potion of cure mutation]
 47726 | Slime:5  | Found a viscous altar of Jiyva.
 47788 | Slime:5  | Gained mutation: Armour fits poorly on your strangely shaped body. [a shining eye]
 47871 | Slime:5  | Noticed the Royal Jelly
 47881 | Slime:5  | Killed the Royal Jelly
 47881 | Slime:5  | Reached skill level 15 in Dodging
 47934 | Slime:5  | Got a transparent turquoise ring
 47943 | Slime:5  | Identified Mionayq's Collected Works on the Entourage and the Arsonist
 47980 | Slime:5  | Got a slimy rune of Zot
 47991 | Slime:5  | Identified the ring "Coluf" {*Tele rC+ rN+ Str+3} (You found it on level 5 of the Pits of Slime)
 48013 | Slime:5  | Got a fine ring mail
 48065 | Slime:5  | Got a heavily runed chain mail
 48069 | Slime:5  | Learned a level 2 spell: Corpse Rot
 48185 | Slime:5  | Gained mutation: You possess an exceptional clarity of mind. [potion of mutation]
 48185 | Slime:5  | Gained mutation: Your magical capacity is low. (-10% MP) [potion of mutation]
 48335 | Lair:2   | Gained mutation: You occasionally shout uncontrollably at your foes. [potion of mutation]
 48335 | Lair:2   | Gained mutation: You passively map a small area around you. [potion of mutation]
 48335 | Lair:2   | Gained mutation: You sometimes yell uncontrollably at your foes. [potion of mutation]
 48336 | Lair:2   | Lost mutation: Your magical capacity is low. (-10% MP) [potion of mutation]
 48337 | Lair:2   | Lost mutation: Armour fits poorly on your strangely shaped body. [potion of cure mutation]
 48337 | Lair:2   | Lost mutation: You possess an exceptional clarity of mind. [potion of cure mutation]
 48337 | Lair:2   | Lost mutation: You sometimes yell uncontrollably at your foes. [potion of cure mutation]
 48337 | Lair:2   | Lost mutation: You occasionally shout uncontrollably at your foes. [potion of cure mutation]
 48349 | Lair:2   | Identified the +3 ring mail "Egeeridgh" {rPois Str-3 Int+2} (You found it on level 5 of the Pits of Slime)
 48359 | Lair:2   | Identified the +6 chain mail of the Tired Stars {MR- Str+8} (You found it on level 5 of the Pits of Slime)
 48373 | Lair:2   | Identified the +5 hand crossbow "Qemicha" {venom, *Contam rC+ Int+4 Stlth+} (Okawaru gifted it to you on level 5 of the Pits of Slime)
 48592 | Crypt:1  | Entered Level 1 of the Crypt
 48662 | Crypt:1  | Noticed Donald
 48677 | Crypt:1  | Killed Donald
 48687 | Crypt:1  | Received a gift from Okawaru
 48981 | Crypt:1  | Noticed Aizul
 49007 | Crypt:1  | Killed Aizul
 49007 | Crypt:1  | Received a gift from Okawaru
 49012 | Crypt:1  | Got an iridescent shortbow {god gift}
 49765 | Crypt:2  | Reached XP level 24. HP: 228/228 MP: 29/29
 49818 | Crypt:2  | Received a gift from Okawaru
 50272 | Crypt:3  | Entered Level 3 of the Crypt
 50566 | Crypt:3  | Found an ancient bone altar of Kikubaaqudgha.
 50727 | Crypt:3  | Received a gift from Okawaru
 50768 | Crypt:3  | Noticed Frederick
 50780 | Crypt:3  | Killed Frederick
 51118 | Crypt:3  | Found a staircase to the Tomb.
 51118 | Crypt:3  | Noticed Khufu
 51130 | Crypt:3  | Killed Khufu
 51363 | Crypt:3  | Received a gift from Okawaru
 51498 | Crypt:3  | Fell from the grace of Okawaru
 51498 | Crypt:3  | Became a worshipper of Kikubaaqudgha
 51753 | Vaults:4 | Reached * piety under Kikubaaqudgha
 51753 | Vaults:4 | Identified Kikubaaqudgha's Collected Works on Unholy Rituals (Kikubaaqudgha gifted it to you on level 4 of the Vaults)
 51753 | Vaults:4 | Received a gift from Kikubaaqudgha
 51787 | Vaults:4 | Learned a level 3 spell: Regeneration
 51789 | Vaults:4 | Learned a level 1 spell: Animate Skeleton
 52103 | Vaults:4 | Reached skill level 1 in Necromancy
 52139 | Vaults:4 | Reached XP level 25. HP: 229/238 MP: 29/29
 52186 | Vaults:4 | Reached skill level 1 in Charms
 52499 | Vaults:4 | Reached skill level 1 in Spellcasting
 52527 | Vaults:4 | Reached ** piety under Kikubaaqudgha
 52759 | Vaults:4 | Found Noasm's Antique Weapon Shoppe.
 53815 | Depths:2 | Paralysed by an ogre mage for 6 turns
 53922 | Depths:2 | Reached *** piety under Kikubaaqudgha
 53922 | Depths:2 | Identified Kikubaaqudgha's Volume of Darkness (Kikubaaqudgha gifted it to you on level 2 of the Depths)
 53922 | Depths:2 | Received a gift from Kikubaaqudgha
 54288 | Depths:2 | Found a gateway to a ziggurat.
 54336 | Depths:2 | Found a gateway to a bazaar.
 54378 | Depths:2 | Learned a level 4 spell: Animate Dead
 54385 | Depths:2 | Learned a level 6 spell: Simulacrum
 54391 | Depths:2 | Learned a level 5 spell: Cigotuvi's Embrace
 54395 | Bazaar   | Entered a bazaar
 54395 | Bazaar   | Found Yvyod's Weapon Boutique.
 54395 | Bazaar   | Found Qiustroa's Armour Shop.
 54395 | Bazaar   | Found Dudghigu's Armour Shop.
 54571 | Depths:2 | Noticed a juggernaut
 54579 | Depths:2 | Killed a juggernaut
 54873 | Depths:3 | Noticed Xtahua
 54878 | Depths:3 | Paralysed by Xtahua for 3 turns
 54892 | Depths:2 | Paralysed by a vampire knight for 3 turns
 54900 | Depths:2 | Killed Xtahua
 55117 | Depths:3 | Reached **** piety under Kikubaaqudgha
 55129 | Depths:3 | Noticed Bai Suzhen
 55368 | Depths:2 | Killed Bai Suzhen
 55368 | Depths:2 | Reached skill level 5 in Necromancy
 55547 | Depths:3 | Found Tihacal's Specialty Armours.
 55638 | Depths:3 | Found a corrupted altar of Lugonu.
 55638 | Depths:3 | Found a one-way gate to the infinite horrors of the Abyss.
 55640 | Depths:3 | Paralysed by a floating eye for 4 turns
 56035 | Depths:3 | Got a dazzling scale mail
 56036 | Depths:3 | Identified the +6 scale mail "Hooniggu" {rElec rN+ rCorr Dex+3} (You found it on level 3 of the Depths)
 56072 | Depths:2 | Was forgiven by Okawaru
 56191 | Depths:2 | Reached XP level 26. HP: 194/248 MP: 29/29
 56194 | Depths:2 | Reached skill level 5 in Charms
 56297 | Depths:1 | Noticed Saint Roka
 56315 | Depths:1 | Killed Saint Roka
 56320 | Depths:1 | Reached ***** piety under Kikubaaqudgha
 56884 | D:15     | Killed Roxanne
 57049 | Depths:4 | Reached skill level 1 in Stealth
 58066 | Depths:4 | Identified the Catalogue of Lethal Orientation
 58071 | Depths:4 | Learned a level 2 spell: Shroud of Golubria
 58342 | Depths:5 | Entered Level 5 of the Depths
 58384 | Depths:5 | Reached skill level 5 in Spellcasting
 58394 | Depths:5 | Found a one-way gate leading to the halls of Pandemonium.
 58635 | Depths:5 | Found Ywanoran's General Store.
 58853 | Depths:5 | Found a gate to the Realm of Zot.
 59133 | Hell     | Entered the Vestibule of Hell
 59133 | Hell     | Noticed Geryon
 59147 | Hell     | Reached ****** piety under Kikubaaqudgha
 59636 | Vaults:5 | Entered Level 5 of the Vaults
 59680 | Vaults:5 | Reached skill level 10 in Necromancy
 59688 | Vaults:5 | Reached skill level 5 in Stealth
 59689 | Vaults:5 | Reached XP level 27. HP: 224/258 MP: 32/32
 60156 | Vaults:5 | Cast into level 3 of the Abyss (tengu reaver)
 60284 | Abyss:3  | Got an abyssal rune of Zot
 60322 | Vaults:5 | Escaped the Abyss
 60579 | Vaults:5 | Identified Ohyugig's Incunabulum of the Harmful Voyage
 60692 | Vaults:5 | Found Netomink's General Store.
 61277 | Vaults:5 | Identified the Volume of Shape Shifting
 61445 | Vaults:5 | Bought a scroll of identify for 48 gold pieces
 61583 | Vaults:5 | Identified the Compendium of Black Magic and Snow
 61596 | Vaults:5 | Learned a level 3 spell: Ozocubu's Armour
 61610 | Vaults:5 | Got a silver rune of Zot
 61987 | Vaults:5 | Got a spiked buckler
 61989 | Vaults:5 | Identified the cursed +0 buckler "Defreg" {rN+++ Regen+ rCorr Stlth-} (You took it off an ironbrand convoker on level 5 of the Vaults)
 62605 | Elf:2    | Found Ustruedet's Gadget Boutique.
 62625 | Elf:2    | Found a radiant altar of Vehumet.
 62844 | Elf:2    | Found a huge runed gate.
 62844 | Elf:2    | Found a huge runed gate.
 62850 | Elf:2    | Found a huge runed gate.
 62850 | Elf:2    | Found a huge runed gate.
 62850 | Elf:2    | Found a huge runed gate.
 63369 | Elf:2    | Received a gift from Kikubaaqudgha
 63380 | Elf:2    | Learned a level 8 spell: Necromutation
 63433 | Elf:3    | Entered Level 3 of the Elven Halls
 63524 | Elf:3    | Found a frozen archway.
 63534 | IceCv    | Entered an ice cave
 63708 | IceCv    | Identified the Collected Works on Augmentations and Battle Magic
 64253 | Elf:3    | Got an ancient iron ring
 64260 | Elf:3    | Identified Oschu's Grimoire of Creative Black Arts
 64268 | Elf:3    | Learned a level 5 spell: Agony
 64314 | Elf:3    | Identified the ring "Jiraps" {*Contam rF+ MR++ SInv Stlth+} (You found it on level 3 of the Elven Halls)
 64315 | Elf:3    | Identified the +2 scythe of Joxkewn {freeze, +Rage Dex+3} (You found it on level 3 of the Elven Halls)
 64774 | Elf:3    | Found Inap's General Store.
 64782 | Elf:3    | Bought a scroll of enchant weapon for 135 gold pieces
 65544 | Hell     | Killed Geryon
 65636 | Hell     | Found a gateway to the Iron City of Dis.
 65706 | Hell     | Found a gateway to the ashen valley of Gehenna.
 65890 | Hell     | Found a gateway to the decaying netherworld of Tartarus.
 66075 | Hell     | Found a gateway to the freezing wastes of Cocytus.
 66240 | Tar:1    | Entered Level 1 of Tartarus
 67473 | Tar:4    | Reached skill level 15 in Necromancy
 68514 | Tar:7    | Entered Level 7 of Tartarus
 68750 | Tar:7    | Gained mutation: Your movements are slightly less encumbered by armour. (ER -2) [mutagenic glow]
 68807 | Tar:7    | Cast into level 3 of the Abyss (reaper)
 69320 | Tar:7    | Escaped the Abyss
 69550 | Tar:7    | HP: 11/250 [Tzitzimitl[the effects of Hell] (7)]
 69550 | Tar:7    | Slain by a doom hound

Skill      XL: |  1  2  3  4  5  6  7  8  9 10 11 12 13 14 15 16 17 18 19 20 21 22 23 24 25 26 27 |
---------------+----------------------------------------------------------------------------------+-----
Axes           | 3 4 5 6 8 9 11 13 15 17 18 20 21 22 23 24 25 27 | 27.0
Fighting       | 4 5 6 8 9 10 11 13 14 15 16 17 18 20 21 22 23 25 | 25.8
Armour         | 4 5 6 7 8 10 11 12 13 14 15 16 17 18 19 21 22 23 24 | 24.9
Shields        | 4 5 6 7 8 10 | 10.6
Invocations    | 1 3 5 8 |  8.5
Dodging        | 3 5 6 7 9 10 11 12 13 14 15 16 17 19 | 19.1
Necromancy     | 1 5 10 15 | 15.9
Charms         | 4 5 |  5.1
Spellcasting   | 4 6 9 |  9.0
Stealth        | 5 8 |  8.8

Action                   |  1- 3 |  4- 6 |  7- 9 | 10-12 | 13-15 | 16-18 | 19-21 | 22-24 | 25-27 || total
-------------------------+-------+-------+-------+-------+-------+-------+-------+-------+-------++-------
Melee: War axe           |    93 |   164 |   365 |   703 |       |       |       |       |       ||  1325
       Morningstar       |       |       |       |    15 |     5 |       |       |       |       ||    20
       Battleaxe         |       |       |       |   165 |    94 |       |       |       |       ||   259
       Broad axe         |       |       |       |       |  1020 |   967 |  1053 |   482 |  1771 ||  5293
       Punch             |       |       |       |       |     1 |       |       |       |       ||     1
       Executioner's axe |       |       |       |       |       |   594 |       |   896 |  1308 ||  2798
Throw: Throwing net      |       |       |     1 |     1 |       |       |       |       |       ||     2
 Cast: Repel Missiles    |       |       |       |       |       |       |       |       |     8 ||     8
       Regeneration      |       |       |       |       |       |       |       |       |    28 ||    28
       Animate Dead      |       |       |       |       |       |       |       |       |    20 ||    20
Invok: Heroism           |       |       |       |    15 |    32 |    39 |    16 |    11 |       ||   113
       Finesse           |       |       |       |       |    10 |     5 |     4 |    10 |       ||    29
       Receive Necronomi |       |       |       |       |       |       |       |       |     1 ||     1
Evoke: Wand              |       |       |       |       |       |     1 |     2 |     2 |    12 ||    17
  Use: Scroll            |       |     8 |     4 |     6 |    17 |    12 |    17 |     7 |    24 ||    95
       Potion            |       |       |     3 |       |       |     2 |     7 |    11 |     6 ||    29
 Stab: Held in net/web   |       |       |     1 |     1 |       |     1 |       |       |       ||     3
       Petrifying        |       |       |       |       |     1 |       |       |       |       ||     1
       Petrified         |       |       |       |       |     1 |       |       |       |       ||     1
       Distracted        |       |       |       |       |       |       |     1 |       |     9 ||    10
       Sleeping          |       |       |       |       |       |       |       |       |     9 ||     9
  Eat: Chunk             |    15 |     8 |    16 |    18 |    24 |    34 |    21 |    16 |    39 ||   191
       Pizza             |       |       |       |       |     3 |     1 |     1 |     3 |     2 ||    10
       Royal jelly       |       |       |       |       |       |     2 |       |     3 |     6 ||    11
       Beef jerky        |       |       |       |       |       |       |       |       |     7 ||     7
       Fruit             |       |       |       |       |       |       |       |       |     1 ||     1
Armor: Scale mail        |    55 |    96 |   199 |   176 |    65 |       |       |       |   262 ||   853
       Plate armour      |       |       |       |   133 |     7 |       |       |   305 |  1091 ||  1536
       Swamp dragon scal |       |       |       |       |   325 |   182 |       |       |       ||   507
       Ice dragon scales |       |       |       |       |       |   768 |   351 |   180 |       ||  1299
       Chain mail        |       |       |       |       |       |       |     2 |       |       ||     2
Dodge: Dodged            |    60 |    86 |   162 |   172 |   364 |  1021 |   478 |   689 |  2099 ||  5131
       Deflected         |       |       |       |       |       |       |       |       |    18 ||    18
Block: Shield            |       |       |     3 |   380 |       |       |       |       |       ||   383
       Reflection        |       |       |       |     1 |    20 |     4 |    76 |    36 |       ||   137
       Other             |       |       |       |    14 |     7 |       |       |       |       ||    21
       Buckler           |       |       |       |       |   350 |   443 |   442 |   181 |   430 ||  1846
